 Dungeon Crawl Stone Soup version 0.28.0-43-g3370ac3207 (webtiles) character file.

Game seed: 5215990367159452546

25 H0rd4k the Magician (level 2, -2/15 HPs)
             Began as a Deep Elf Hedge Wizard on Mar 16, 2022.
             Killed by divine providence
             ... invoked by an orc priest
              (12 damage)
             ... on level 4 of the Dungeon.
             The game lasted 00:01:28 (1507 turns).

H0rd4k the Magician (Deep Elf Hedge Wizard)         Turns: 1507, Time: 00:01:29

Health: -2/15      AC:  2    Str:  7    XL:     2   Next: 82%
Magic:  2/10       EV: 12    Int: 18    God:
Gold:   32         SH:  0    Dex: 14    Spells: 11/12 levels left

rFire   . . .      SeeInvis .   g - +0 dagger (elec)
rCold   . . .      Faith    .   (no shield)
rNeg    . . .      Spirit   .   b - +0 robe
rPois   .          Reflect  .   c - +0 hat
rElec   .          Harm     .   (no cloak)
rCorr   .          Rampage  .   (no gloves)
Will    .....                   (no boots)
Stlth   ++........              (no amulet)
HPRegen 0.05/turn               (no ring)
MPRegen 0.12/turn               (no ring)

@: very slightly contaminated
A: no striking features
a: no special abilities


You were on level 4 of the Dungeon.
You visited 2 branches of the dungeon, and saw 4 of its levels.

You collected 32 gold pieces.

Inventory:

Hand Weapons
 g - a +0 dagger of electrocution (weapon)
Armour
 b - a +0 robe (worn)
 c - a +0 hat (worn)
Wands
 h - a wand of paralysis (4)
Scrolls
 a - a scroll of identify {unknown}
 e - a scroll of enchant weapon {unknown}
 f - a scroll of teleportation {unknown}
Potions
 d - a potion of resistance {unknown}


   Skills:
 + Level 2.6 Dodging
 - Level 2.4 Stealth
 + Level 5.6 Spellcasting
 + Level 1.2 Conjurations
 + Level 1.1 Summonings
 + Level 1.1 Translocations


You had 11 spell levels left.
You knew the following spells:

 Your Spells              Type           Power      Damage    Failure   Level
a - Magic Dart            Conj           36%        1d4       8%          1

Your spell library contained the following spells:

 Spells                   Type           Power      Damage    Failure   Level
 Blink                    Tloc           18%        N/A       12%         2
 Call Imp                 Summ           9%         N/A       12%         2
 Slow                     Hex            20%        N/A       13%         1
 Conjure Flame            Conj/Fire      7%         6-21      28%         3
 Mephitic Cloud           Conj/Pois/Air  6%         N/A       32%         3
 Chain Lightning          Conj/Air       3%         3d4       100%        9
 Fire Storm               Conj/Fire      3%         8d1       100%        9
 Shatter                  Erth           2%         3d6*      100%        9


Dungeon Overview and Level Annotations

Branches:
Dungeon (4/15)             Temple (1/1) D:4

Altars:
Ashenzari
Fedhas
Gozag
Kikubaaqudgha
Okawaru
Sif Muna
Wu Jian
Yredelemnul

Annotations:
D:4 exclusion: black bear


Message History

h - a wand of paralysis (4) 2 orcs come into view.
The magic dart hits the orc.
The orc is moderately wounded.
The magic dart hits the orc.
The orc is almost dead.
The magic dart hits the orc.
You kill the orc!
You can't see any susceptible monsters within range! (Use Z to cast anyway.)
You can't see any susceptible monsters within range! (Use Z to cast anyway.) Magic restored.
You see here a +0 club.
The magic dart hits the orc.
The orc is lightly wounded.
The orc shouts!
You hear a shout!
The magic dart hits the orc.
The orc is heavily wounded.
An orc priest comes into view. It is wielding a +0 mace.
You miscast Magic Dart.
You are very lightly contaminated with residual magic.
Nothing appears to happen.
The magic dart hits the orc.
You kill the orc!
The magic dart hits the orc priest.
The orc priest is lightly wounded.
The orc priest mumbles some strange prayers to Beogh against you.
Pain shoots through your body!
The magic dart hits the orc priest.
The orc priest is lightly wounded.
The magic dart hits the orc priest.
The orc priest is lightly wounded.
The orc priest invokes the aid of Beogh against you.
You barely resist.
The magic dart hits the orc priest.
The orc priest is moderately wounded.
You miscast Magic Dart.
Nothing appears to happen.
The orc priest calls down the wrath of Beogh upon you.
Beogh smites you!
Ouch! That really hurt!
You die...

..
#.##.#
..
#.##.#
.#
#.##.#
#)
#.##..
#..
#.###.
#o# #.#
#. #..##
#.# #.
#.♣.♣♣♣
#.# #.
#...@.♣
#.# #.
##♣P..♣#
#.# #.
♣♣..P#
#.# #.
♣P.♣#
#.# #.
##.)##
#.###.
###.##
#.....
#..#
###...
##.##
###....
#..##
##......


You could see an orc priest.

Vanquished Creatures
  An adder skeleton (D:4)
  2 orcs (D:4)
  2 endoplasms (D:1)
  2 goblins (D:1)
  3 jackals (D:4)
  2 ball pythons
  2 bats (D:1)
  2 frilled lizards (D:1)
  4 kobolds
20 creatures vanquished.

Vanquished Creatures (others)
  A plant (Temple)
1 creature vanquished.

Grand Total: 21 creatures vanquished

Notes
Turn   | Place    | Note
-------+----------+-------------------------------------------
     0 | D:1      | H0rd4k the Deep Elf Hedge Wizard began the quest for the
                  | Orb.
     0 | D:1      | Reached XP level 1. HP: 10/10 MP: 7/7
   318 | D:1      | Reached skill level 5 in Spellcasting
   383 | D:1      | Reached XP level 2. HP: 15/15 MP: 8/10
   439 | D:1      | Found a faded altar of an unknown god.
   979 | D:2      | You fall into a shaft and drop 2 floors!
  1102 | D:4      | Noticed a black bear
  1134 | D:4      | Found a staircase to the Ecumenical Temple.
  1214 | Temple   | Entered the Ecumenical Temple
  1382 | D:4      | Noticed a wight
  1382 | D:4      | Noticed a wight
  1382 | D:4      | Noticed a wight
  1382 | D:4      | Noticed a wight
  1507 | D:4      | Killed from afar by an orc priest

Illustrated notes

Levels and vault maps discovered:
D:1:      nagdon_arrival_double_spiral, layout_rooms,
          shapermc_ecumenical_altar_ellora, minmay_misc_feat_ornament,
          fountainhead
D:2:      layout_basic, kennysheep_big_empty_room
D:4:      layout_cave_pods, minmay_temple_entry_mini_moons, serial_forest,
          infiniplex_forest_zigzag_1, infiniplex_forest_zigzag_1,
          infiniplex_forest_corner_1, infiniplex_forest_clump_C,
          infiniplex_forest_clump_medium, infiniplex_forest_lined_3_way,
          infiniplex_forest_clump_double, due_unseen_surprise
Temple:   cyrus_temple_forest

Skill      XL: |  1 |
---------------+----+-----
Spellcasting   | 5 |  5.6
Dodging        | |  2.6
Stealth        | |  2.4
Conjurations   | |  1.2
Summonings     | |  1.1
Translocations | |  1.1

Action                   || total
-------------------------++-------
Melee: Dagger            ||     2
 Cast: Magic Dart        ||    66
Armor: Robe              ||     8
Dodge: Dodged            ||    15
